 Dungeon Crawl Stone Soup version 0.30-a0-23-ge60ba3568b (webtiles) character file.

Game seed: 1059513709870531115

56 Zonian the Stinger (level 3, 0/24 HPs)
             Began as a Demonspawn Venom Mage on Aug 25, 2022.
             Slain by Natasha (5 damage)
             ... on level 2 of the Dungeon.
             The game lasted 00:03:32 (2750 turns).

Zonian the Stinger (Demonspawn Venom Mage)          Turns: 2750, Time: 00:03:32

Health: 0/24       AC:  3    Str:  8    XL:     3   Next: 71%
Magic:  2/6        EV: 12    Int: 16    God:
Gold:   62         SH:  0    Dex: 15    Spells: 5/6 levels left

rFire   . . .      SeeInvis .    d - +0 dagger
rCold   . . .      Faith    .    (no shield)
rNeg    . . .      Spirit   .    a - +0 robe
rPois   .          Reflect  .    (no helmet)
rElec   .          Harm     .    (no cloak)
rCorr   .          Rampage  .    (no gloves)
Will    .....                    g - +0 pair of boots
Stlth   ++........               (no amulet)
HPRegen 0.08/turn                (no ring)
MPRegen 0.10/turn                (no ring)

@: no status effects
A: ignite blood 1, spiny 1
a: no special abilities


You were on level 2 of the Dungeon.
You visited 1 branch of the dungeon, and saw 2 of its levels.

You collected 62 gold pieces.

Inventory:

Hand Weapons
 d - a +0 dagger (weapon)
Missiles
 m - 5 poisoned darts
Armour
 a - a +0 robe (worn)
 g - a +0 pair of boots (worn)
 l - a +1 ring mail of fire resistance
Magical Staves
 c - a staff of fire
Scrolls
 f - a scroll of vulnerability {unknown}
 h - a scroll of immolation {unknown}
 i - a scroll of blinking {unknown}
 k - a scroll of identify {unknown}
 n - a scroll of enchant weapon {unknown}
Potions
 b - a potion of magic
 e - 2 potions of degeneration {unknown}
 j - a potion of resistance {unknown}


   Skills:
 + Level 2.2 Dodging
 + Level 2.3 Stealth
 + Level 2.4 Spellcasting
 + Level 1.5 Transmutations
 + Level 3.4 Poison Magic


You had 5 spell levels left.
You knew the following spells:

 Your Spells              Type           Power      Damage    Failure   Level
a - Sting                 Tmut/Pois      36%        1d4       7%          1

Your spell library contained the following spells:

 Spells                   Type           Power      Damage    Failure   Level
 Poisonous Vapours        Pois/Air       14%        N/A       16%         2
 Mephitic Cloud           Conj/Pois/Air  5%         N/A       36%         3
 Olgreb's Toxic Radiance  Pois           12%        N/A       43%         4
 Dazzling Flash           Conj/Hex       2%         N/A       52%         3
 Iskenderun's Mystic Bla  Conj/Tloc      1%         2d3       89%         4
 Starburst                Conj/Fire      0%         6d3       100%        6


Dungeon Overview and Level Annotations

Branches:
Dungeon (2/15)

Altars:

Annotations:
D:2 Natasha


Innate Abilities, Weirdness & Mutations

Your demonic aura sometimes causes spilled blood to erupt in flames.
You are partially covered in sharp spines.


Message History

Unknown command.
Casting: Sting (safe; 7% risk of failure)
Confirm with . or Enter, or press ? or * to list all spells.
Aiming: Sting (safe; 7% risk of failure)
Press: ? - help, Shift-Dir - straight line, f/p - Natasha
Aim: Natasha (poisoned, 60% to hit)
The sting hits Natasha.
Natasha looks even sicker.
Natasha is moderately wounded.
Natasha claws you.
* * * LOW HITPOINT WARNING * * *
The crimson imp shouts, "Scamper away, thou puny hedge-born bugbear!"
The crimson imp blinks!
Natasha howls an incantation.
Natasha glows brightly for a moment.
You hit the crimson imp.
The crimson imp is moderately wounded.
Natasha stares at you and mumbles some strange words.
You resist with significant effort.
The crimson imp blinks!
Unknown command.
Casting: Sting (safe; 7% risk of failure)
Confirm with . or Enter, or press ? or * to list all spells.
Aiming: Sting (safe; 7% risk of failure)
Press: ? - help, Shift-Dir - straight line, f/p - Natasha
Aim: Natasha (moderately wounded, very poisoned, 60% to hit)
The sting hits Natasha.
Natasha looks even sicker.
Natasha is heavily wounded.
Natasha misses you.
The crimson imp blinks!
Your magical contamination has completely faded away.
The white imp shouts!
You hit Natasha.
Natasha is severely wounded.
Natasha casts a spell at you. The magic dart hits you.
* * * LOW HITPOINT WARNING * * *
Unknown command.
You hit Natasha but do no damage.
Natasha is severely wounded.
Natasha hisses.
Natasha claws you.
You die...

#.# #.# #.#######
#.####### #.......#
#.#.....## #######.#
#>......'. #.# #.#.....##
#.# #.########
###'###.........
###########.....>...######
#.......h@.5........#
###.#######5........# #.#
#.........#
#.#######.........#
#....h............#
#.##..##..........#
#.###.#)......)...# #.#
#.5..#........# #.#
###)##........#


You could see Natasha (very poisoned), a crimson imp (summoned) and a white imp
(summoned).

Vanquished Creatures
  Natasha (D:2)
  4 ball pythons
  3 endoplasms
  A giant cockroach (D:1)
  5 hobgoblins
  2 jackals (D:1)
  3 quokkas
  2 bats
  A frilled lizard (D:2)
  3 goblins (D:1)
  2 kobolds
  A rat (D:1)
28 creatures vanquished.

Notes
Turn   | Place    | Note
-------+----------+-------------------------------------------
     0 | D:1      | Zonian the Demonspawn Venom Mage began the quest for the
                  | Orb.
     0 | D:1      | Reached XP level 1. HP: 13/13 MP: 3/3
   107 | D:1      | Reached skill level 1 in Transmutations
   678 | D:1      | Gained mutation: Your demonic aura sometimes causes spilled
                  | blood to erupt in flames. [demonic ancestry]
   678 | D:1      | Reached XP level 2. HP: 19/19 MP: 1/5
  1992 | D:2      | Gained mutation: You are partially covered in sharp spines.
                  | [demonic ancestry]
  1992 | D:2      | Reached XP level 3. HP: 21/24 MP: 3/6
  2180 | D:2      | Noticed Natasha
  2190 | D:2      | Killed Natasha
  2725 | D:2      | Noticed Natasha
  2750 | D:2      | Slain by Natasha

Illustrated notes

Levels and vault maps discovered:
D:1:      co_arrival_random_square_maze, layout_rooms
D:2:      cheibrodos_greedy_goblins, layout_basic, basic_ecumenical_altar,
          minmay_tromino_v2, uniq_terence, uniq_natasha

Skill      XL: |  1  2 |
---------------+-------+-----
Transmutations | 1 |  1.5
Stealth        | 2 |  2.3
Dodging        | 2 |  2.2
Spellcasting   | |  2.4
Poison Magic   | |  3.4

Action                   || total
-------------------------++-------
Melee: Dagger            ||    13
       Staff             ||     5
 Cast: Sting             ||    47
Armor: Robe              ||     5
Dodge: Dodged            ||    22

Table legend: (Time is in decaauts)
 A = Elapsed time spent in this place.
 B = Non-inter-level travel time spent in this place.
 C = Inter-level travel time spent in this place.
 D = Time resting spent in this place.
 E = Time spent auto-exploring this place.
 F = Levels seen in this place.
 G = Mean time per level.
                   A        B        C        D        E       F      G
               +--------+--------+--------+--------+--------+-----+--------+
         Total |   2749 |   2726 |     23 |   1576 |    777 |   2 | 1374.5 |
       Dungeon |   2749 |   2726 |     23 |   1576 |    777 |   2 | 1374.5 |
               +--------+--------+--------+--------+--------+-----+--------+

Top non-repeatable levels by time:
     D:1: 1639 daAuts
     D:2: 1110 daAuts
